AoeStats
← Chaac1706

Arabia

505556902Analyzed
1v1 RM · 23d ago on Sep 10, 2026· 52m 3s· 2 players
Game mode
Random Map
Map size
Tiny (2 player)
Population
200
Speed
Normal
Resources
Standard
Victory
Conquest
Starting age
Dark Age
Ending age
Imperial Age
RankedLock teamsTeams togetherTeam positionsShared explorationLock speedFull tech treeHidden civsTurbo modeCheats
Victory
Defeat
🇹🇷 Poles · Türkiye
1082
+17
🇨🇴 Muisca · Colombia
1109
-17
Ficuscarican
8:11 Loom
10:42 Feudal Age
12:37 Double-Bit Axe
14:49 Horse Collar
18:08 Forging
22:35 Fletching
24:16 Scale Barding Armor
27:27 Castle Age
25:35 Stone Mining
26:24 Bloodlines
28:35 Chain Barding Armor
32:51 Wheelbarrow
32:25 Heavy Plow
40:14 Imperial Age
39:21 Szlachta Privileges
41:21 Conscription
42:48 Iron Casting
42:47 Husbandry
42:31 Cavalier
45:02 Hand Cart
44:51 Husbandry
46:14 Blast Furnace
48:15 Conscription
50:07 Scale Mail Armor
50:03 Bodkin Arrow
Chaac1706
4:52 Loom
6:01 Loom
8:59 Feudal Age
9:29 Double-Bit Axe
9:49 Horse Collar
10:10 Champi Runner
13:35 Town Watch
18:06 Wheelbarrow
20:58 Castle Age
19:30 Gold Mining
19:43 Padded Archer Armor
20:55 Fletching
21:29 Crossbowman
26:01 Hand Cart
27:59 Thumb Ring
33:24 Leather Archer Armor
33:04 Bodkin Arrow
34:02 Sanctity
37:55 Imperial Age
38:36 Town Patrol
39:39 Conscription
40:41 Arbalester
42:18 Bracer
43:21 Chemistry
42:42 Ballistics
44:08 Scale Mail Armor
44:18 Forging
43:30 Pikeman
44:11 Squires
45:23 Chain Mail Armor
45:11 Herbalism
Connection lost

Rejoining the realm…

Still unreachable

The connection could not be restored.

Session expired

The server has moved on; the page needs a fresh start.